 Dungeon Sprint DCSS version 0.29-a0-320-g9f8742066b (webtiles) character file.

Game seed: 14477268265117594639

623 mhtbhm the Fighter (level 7, -28/77 HPs)
             Began as a Minotaur Berserker on Apr 2, 2022.
             Was a Priest of Trog.
             Annihilated by a boulder beetle (59 damage)
             ... in the Dungeon (Sprint II: "The Violet Keep of Menkaure").
             The game lasted 00:01:03 (953 turns).

mhtbhm the Fighter (Minotaur Berserker)              Turns: 953, Time: 00:01:04

Health: -28/77     AC:  2    Str: 23    XL:     7   Next: 22%
Magic:  6/6        EV: 13    Int:  4    God:    Trog [***...]
Gold:   972        SH:  0    Dex: 10    Spells: 6/6 levels left

rFire   . . .      SeeInvis .   a - +0 hand axe
rCold   . . .      Faith    .   (no shield)
rNeg    . . .      Spirit   .   b - +0 animal skin
rPois   .          Reflect  .   (helmet unavailable)
rElec   .          Harm     .   (no cloak)
rCorr   .          Rampage  .   (no gloves)
Will    ++...      NoTele   +   (no boots)
Stlth   +.........              (no amulet)
HPRegen 1.22/turn               (no ring)
MPRegen 0.10/turn               (no ring)

@: strong-willed, on berserk cooldown, regenerating, slowed, very slow
A: horns 3, retaliatory headbutt
a: Renounce Religion, Berserk, Trog's Hand


You were in the Dungeon.
You worshipped Trog.
Trog was most pleased with you.
You visited 1 branch You collected 972 gold pieces.

Inventory:

Hand Weapons
 a - a +0 hand axe (weapon)
Armour
 b - a +0 animal skin (worn)
Scrolls
 h - a scroll of blinking
Potions
 c - a potion of curing
 e - a potion of haste
 f - 2 potions of magic
 g - a potion of berserk rage


   Skills:
 + Level 12.2 Fighting
 + Level 12.2 Axes
 + Level 6.4 Armour
 + Level 6.3 Dodging
 + Level 0.1 Stealth


You had 6 spell levels left.
You didn't know any spells.
Your spell library was empty.

Dungeon Overview and Level Annotations

Branches:
Dungeon (1/1)

Altars:

Shops:
D !:![??*(=:(!=([

Annotations:
D exclusions: obsidian statue and oklob plant, Roxanne


Innate Abilities, Weirdness & Mutations

You have a pair of large horns on your head.
You reflexively headbutt those who attack you in melee.


Message History

You feel yourself slow down.
You hit the boulder beetle but do no damage.
The boulder beetle is severely wounded.
The boulder beetle bites you.
You are too injured to fight recklessly!
You are too injured to fight recklessly!
You are too injured to fight recklessly!
You are too injured to fight recklessly!
You are too injured to fight recklessly!
You are too injured to fight recklessly!
You are too injured to fight recklessly!
You are too injured to fight recklessly!
You are too injured to fight recklessly!
You are too injured to fight recklessly!
You are too injured to fight recklessly!
You are too injured to fight recklessly!
You aren't carrying any items that you can evoke.
Unknown command.
You hit the boulder beetle but do no damage.
The boulder beetle is severely wounded.
The boulder beetle bites you!!
* * * LOW HITPOINT WARNING * * *
Unknown command.
You feel much better. The boulder beetle bites you!!
* * * LOW HITPOINT WARNING * * *
The boulder beetle leaps!
Unknown command.
Okay, then.
Unknown command.
Your skin crawls.
You feel strong-willed.
There is an entrance to Faeluoc's Jewellery Shoppe here.
Unknown command.
The boulder beetle curls into a ball and begins rolling!
There is an open door here.
You enter the shallow water.
Moving in this stuff is going to be slow.
The boulder beetle hits you!!!
Ouch! That really hurt!
You die...

############≈≈#''○#
###########≈≈≈.....
##........#≈≈≈≈.##'##
##....⌠...#≈≈≈≈##.#.##
##...°°∩..#≈≈≈≈#..#..#
##..∩.∩°∩.#≈≈####.#.####
##.∩.∩.∩○∩#≈##.###'###.#
##..∩...∩○#≈#...##.##.###
##.∩.....∩B@'.#)'.<.'##.+
##∩.......#≈#...##.##...#
#▓▓▓▓▓▓▓###≈##.###'###.##
##!SS######≈≈####.######
#[sS# ##≈§≈#.##..# #∩Ps+
+#§##...## #??. §≈##+##
#). ≈≈≈≈§≈ ''#§§'#


You could see a boulder beetle (rolling) and 2 water moccasins.

Vanquished Creatures
  A merfolk siren (D)
  2 neqoxecs (D)
  3 worms (D)
6 creatures vanquished.

Vanquished Creatures (others)
  A neqoxec (D)
  Menkaure (D)
  A water moccasin (D)
3 creatures vanquished.

Grand Total: 9 creatures vanquished

Notes
Turn   | Place    | Note
-------+----------+-------------------------------------------
     0 | D        | mhtbhm the Minotaur Berserker began the quest for the Orb.
     0 | D        | Reached XP level 1. HP: 19/19 MP: 0/0
     1 | D        | Noticed a boulder beetle
     1 | D        | Noticed a boulder beetle
    19 | D        | Reached ** piety under Trog
    19 | D        | Killed a water moccasin
    20 | D        | Reached XP level 2. HP: 9/28 MP: 1/1
    35 | D        | Killed Menkaure
   254 | D        | Noticed a neqoxec
   256 | D        | Killed a neqoxec
   257 | D        | Reached XP level 3. HP: 41/41 MP: 2/2
   257 | D        | Reached XP level 4. HP: 49/49 MP: 3/3
   257 | D        | Reached XP level 5. HP: 56/56 MP: 4/4
   288 | D        | Killed a neqoxec
   409 | D        | Noticed Roxanne
   410 | D        | Noticed a neqoxec
   424 | D        | Noticed a merfolk siren
   448 | D        | Killed a merfolk siren
   449 | D        | Reached XP level 6. HP: 22/68 MP: 5/5
   665 | D        | Noticed a neqoxec
   678 | D        | Gained mutation: You have a pair of large horns on your
                  | head. [a neqoxec]
   683 | D        | Killed a neqoxec
   683 | D        | Reached *** piety under Trog
   684 | D        | Reached XP level 7. HP: 38/77 MP: 6/6
   918 | D        | Noticed an obsidian statue
   929 | D        | Found Wumpism's Antique Armour Emporium.
   929 | D        | Found Faeluoc's Jewellery Shoppe.
   929 | D        | Found Mevut's Antique Weapon Shoppe.
   929 | D        | Found Razaoqytiq's Antique Weapon Emporium.
   929 | D        | Found Xokh's Distillery.
   929 | D        | Found Qeofepoo's Jewellery Shoppe.
   929 | D        | Found Imooxi's Book Shoppe.
   930 | D        | Found Qyclyov's Antique Weapon Shoppe.
   930 | D        | Found Cuzeon's Assorted Antiques.
   931 | D        | Found Xuot's Magic Scroll Shoppe.
   931 | D        | Found Ruyr's Magic Scroll Emporium.
   932 | D        | Found Ototz's Antique Armour Shoppe.
   932 | D        | Found Iptuikob's Distillery.
   932 | D        | Noticed an oklob plant
   932 | D        | Noticed a redback
   935 | D        | Found Boanig's Distillery.
   935 | D        | Found Bituergh's Book Shoppe.
   936 | D        | Noticed a redback
   953 | D        | Annihilated by a boulder beetle

Illustrated notes

Levels and vault maps discovered:
D:        the_violet_keep_of_menkaure [sprint2_stairs_cluster_1,
          sprint2_shoproom, sprint2_temple, sprint2_basic_supplies,
          sprint2_obstacle_6, sprint2_obstacle_5, sprint2_obstacle_3,
          sprint2_obstacle_7, sprint2_obstacle_1, sprint2_timed_cluster_1,
          sprint2_smallroom_cluster_1, sprint2_smallroom_final_cluster_1,
          sprint2_transparent_cluster_1, sprint2_second_timed_cluster_1,
          sprint2_sniper_area_1, sprint2_heavy_combat_area_1,
          sprint2_mutation_trap_area_1, sprint2_forest_area_1,
          sprint2_light_combat_area_1, sprint2_behind_water_1,
          sprint2_near_end_vault_1]

Skill      XL: |  1  2  3  4  5  6 |
---------------+-------------------+-----
Fighting       | 4 8 11 12 | 12.2
Axes           | 4 8 11 12 | 12.2
Armour         | 4 6 |  6.4
Dodging        | 4 6 |  6.3
Stealth        | |  0.1

Action                   |  1- 3 |  4- 6 |  7- 9 || total
-------------------------+-------+-------+-------++-------
Melee: Hand axe          |     9 |    39 |    18 ||    66
       Headbutt          |     3 |     5 |     8 ||    16
       Punch             |       |       |     1 ||     1
Invok: Berserk           |     2 |       |     2 ||     4
       Trog's Hand       |       |       |     1 ||     1
  Use: Potion            |       |       |     1 ||     1
Armor: Animal skin       |       |     1 |     2 ||     3
Dodge: Dodged            |     3 |     5 |       ||     8

Table legend: (Time is in decaauts)
 A = Elapsed time spent in this place.
 B = Non-inter-level travel time spent in this place.
 C = Inter-level travel time spent in this place.
 D = Time resting spent in this place.
 E = Time spent auto-exploring this place.
 F = Levels seen in this place.
 G = Mean time per level.
                   A        B        C        D        E       F      G
               +--------+--------+--------+--------+--------+-----+--------+
         Total |    971 |    971 |      0 |    831 |      0 |   1 |  971.0 |
       Dungeon |    971 |    971 |      0 |    831 |      0 |   1 |  971.0 |
               +--------+--------+--------+--------+--------+-----+--------+

Top non-repeatable levels by time:
       D: 971 daAuts
